 Dungeon Crawl Stone Soup version 0.28-a0-1235-g7c8fac35f0 (webtiles) character file.

Game seed: 5661247333102214040

121 r3xj the Covered (level 4, -1/41 HPs)
             Began as a Minotaur Fighter on Dec 25, 2021.
             Killed by nerve-wracking pain
             ... invoked by an orc priest
              (10 damage)
             ... on level 3 of the Dungeon.
             The game lasted 00:02:55 (2237 turns).

r3xj the Covered (Minotaur Fighter)                 Turns: 2237, Time: 00:03:02

Health: -1/41      AC:  8    Str: 22    XL:     4   Next: 76%
Magic:  3/3        EV:  9    Int: 11    God:
Gold:   114        SH:  4    Dex: 10    Spells: 3/3 levels left

rFire   . . .      SeeInvis .   a - +0 flail
rCold   . . .      Faith    .   c - +0 buckler
rNeg    . . .      Spirit   .   b - +0 scale mail
rPois   .          Reflect  .   (helmet restricted)
rElec   .          Harm     .   (no cloak)
rCorr   .          Rampage  .   n - +0 pair of gloves
Will    +....                   (no boots)
Stlth   ..........              (no amulet)
HPRegen 0.13/turn               h - +6 ring of intelligence
MPRegen 0.08/turn               i - ring of willpower

@: lethally poisoned (-1 -> -22)
A: horns 2, retaliatory headbutt
a: no special abilities


You were on level 3 of the Dungeon.
You visited 1 branch of the dungeon, and saw 3 of its levels.

You collected 114 gold pieces.

Inventory:

Hand Weapons
 a - a +0 flail (weapon)
Armour
 b - a +0 scale mail (worn)
 c - a +0 buckler (worn)
 n - a +0 pair of gloves (worn)
Jewellery
 h - a +6 ring of intelligence (left hand)
 i - a ring of willpower (right hand)
Scrolls
 e - 5 scrolls of identify {unknown}
 k - a scroll of fog {unknown}
 l - a scroll of torment {unknown}
 p - a scroll of teleportation {unknown}
Potions
 d - a potion of might
 f - a potion of brilliance {unknown}
 g - a potion of degeneration {unknown}
 j - a potion of berserk rage {unknown}
 m - a potion of heal wounds {unknown}
 o - a potion of haste {unknown}


   Skills:
 + Level 4.7 Fighting
 + Level 3.9 Maces & Flails
 + Level 4.7 Armour
 - Level 4.0 Shields


You had 3 spell levels left.
You didn't know any spells.
Your spell library contained the following spells:

 Spells                   Type           Power      Damage    Failure   Level
 Animate Skeleton         Necr           0%         N/A       65%         1
 Apportation              Tloc           0%         N/A       65%         1
 Summon Small Mammal      Summ           0%         N/A       65%         1


Dungeon Overview and Level Annotations

Branches:
Dungeon (3/15)

Altars:
Kikubaaqudgha

Shops:
D:3 (


Innate Abilities, Weirdness & Mutations

You have a pair of horns on your head.
You reflexively headbutt those who attack you in melee.


Message History

Things that are here:
a +0 club; a +0 leather armour The orc priest shouts!
You hit the orc.
The orc is moderately wounded.
You block the orc's attack.
You sock the orc!
You kill the orc!
Something hits you but does no damage.
You are poisoned.
Things that are here:
a +0 hand axe; an orc corpse You completely miss something.
You feel sick. Something hits you.
You are more poisoned.
You hear some strange, mumbled words.
A puff of flame appears from out of thin air!
The puff of flame hits you!
You barely miss something.
You feel very sick.
The orc priest invokes the aid of Beogh against you.
Something hits you but does no damage.
You closely miss something.
You feel very sick. Something hits you but does no damage.
You are more poisoned.
You miss something. You headbutt something!
You feel very sick. Something hits you but does no damage.
You are lethally poisoned!
The orc priest begins to cast a cantrip, but forgets the words!
You closely miss something.
You feel very sick.
You closely miss the orc priest. Your headbutt misses the orc priest.
* * * LOW HITPOINT WARNING * * *
You feel very sick. Something hits you but does no damage.
You are more poisoned.
The orc priest invokes the aid of Beogh against you.
Pain shoots through your body!
You die...

###.#.###..........#
####### #.#..##..........#
..##.########.#### .. #..#
#.# ... ##.# #.#
#.#######.##############
#......##..............####
##.....##.................#
#.....##)@...............#
#.....##o######.####.)...#
#...((##.# #.####.....#
####.....##.# #...........
#....#..###.# #...........
#....##.###.# #...........
#........##.# #...........
###........##.#
##...........
...........##.#
#........####


You could see an orc priest.

Vanquished Creatures
  A jelly (D:3)
  2 adders (D:2)
  A worm (D:2)
  2 dart slugs (D:2)
  4 orcs
  3 ball pythons
  7 bats
  2 endoplasms
  3 giant cockroaches
  3 goblins
  7 hobgoblins
  3 jackals (D:1)
  A quokka (D:3)
  5 frilled lizards
  9 kobolds
  5 rats (D:1)
58 creatures vanquished.

Notes
Turn   | Place    | Note
-------+----------+-------------------------------------------
     0 | D:1      | r3xj the Minotaur Fighter began the quest for the Orb.
     0 | D:1      | Reached XP level 1. HP: 19/19 MP: 0/0
    90 | D:1      | Found a faded altar of an unknown god.
   189 | D:1      | Reached XP level 2. HP: 27/27 MP: 1/1
   480 | D:1      | Reached XP level 3. HP: 32/33 MP: 2/2
  1139 | D:2      | Found an ancient bone altar of Kikubaaqudgha.
  1381 | D:2      | Reached XP level 4. HP: 41/41 MP: 3/3
  1849 | D:3      | Found Forrashrui's Antique Weapon Shop.
  2237 | D:3      | Killed from afar by an orc priest

Illustrated notes

Levels and vault maps discovered:
D:1:      dpeg_arrival_lava_altar, layout_rooms, shapermc_ecumenical_altar_venn
D:2:      layout_basic, basic_altar, grunt_decor_resistance
D:3:      layout_basic, serial_shops, shop

Skill      XL: |  1  2 |
---------------+-------+-----
Shields        | 4 |  4.0
Fighting       | 4 |  4.7
Armour         | 4 |  4.7
Maces & Flails | 3 |  3.9

Action                   |  1- 3 |  4- 6 || total
-------------------------+-------+-------++-------
Melee: Flail             |    87 |    34 ||   121
       Headbutt          |     7 |     4 ||    11
Armor: Scale mail        |    41 |    19 ||    60
Dodge: Dodged            |    25 |    12 ||    37
Block: Buckler           |    21 |    10 ||    31

Table legend: (Time is in decaauts)
 A = Elapsed time spent in this place.
 B = Non-inter-level travel time spent in this place.
 C = Inter-level travel time spent in this place.
 D = Time resting spent in this place.
 E = Time spent auto-exploring this place.
 F = Levels seen in this place.
 G = Mean time per level.
                   A        B        C        D        E       F      G
               +--------+--------+--------+--------+--------+-----+--------+
         Total |   2265 |   2145 |    120 |      0 |   1828 |   3 |  755.0 |
       Dungeon |   2265 |   2145 |    120 |      0 |   1828 |   3 |  755.0 |
               +--------+--------+--------+--------+--------+-----+--------+

Top non-repeatable levels by time:
     D:2: 1070 daAuts
     D:1: 681 daAuts
     D:3: 513 daAuts
